 Dungeon Sprint DCSS version 0.24-a0-250-g6074511092 (webtiles) character file.

Game seed: 10562797764065977738

250 Redear the Demolition Demonspawn (level 9, -2/115 HPs)
             Began as a Demonspawn Skald on Apr 15, 2019.
             Was an Elder of Makhleb.
             Slain by a black mamba (8 damage)
             ... in the Dungeon (Sprint VI: "Thunderdome").
             The game lasted 00:08:58 (644 turns).

Redear the Demolition Demonspawn (Demonspawn Skald)  Turns: 644, Time: 00:08:59

Health: -2/115     AC:  4    Str: 27    XL:     9   Next: 13%
Magic:  0/26       EV: 18    Int: 20    God:    Makhleb [****..]
Gold:   21         SH:  0    Dex: 17    Spells: 9/15 levels left

rFire    . . .     SeeInvis +   a - +0 falchion
rCold    + + .     Gourm    +   (no shield)
rNeg     . . .     Faith    .   b - +0 leather armour
rPois    .         Spirit   +   (no helmet)
rElec    .         Reflect  .   (no cloak)
rCorr    .         Harm     .   (gloves unavailable)
MR       .....     NoTele   +   (no boots)
Stlth    ..........             e - amulet "Cegyzoxt" {Gourm +Inv rC+ Slay+3}
HPRegen  0.29/turn              j - ring of Jipaq {rC+ MP+9 Str+5}
MPRegen  0.20/turn              l - ring "Oxuse" {Str+4 Int+6 SInv Stlth-}

@: berserking, lethally poisoned (-2 -> -14), very slightly contaminated, very
quick
A: claws 3, thin skeletal structure 1, nightstalker 2, magic shield
a: Minor Destruction, Lesser Servant of Makhleb, Major Destruction, Renounce
Religion, Evoke Invisibility


You were in the Dungeon.
You worshipped Makhleb.
Makhleb was greatly pleased with you.
You were not hungry.

You visited 1 branch You collected 600 gold pieces.
You spent 579 gold pieces at shops.

Inventory:

Hand Weapons
 a - a +0 falchion (weapon)
Armour
 b - a +0 leather armour (worn)
Jewellery
 e - the amulet "Cegyzoxt" (around neck) {Gourm +Inv rC+ Slay+3}
   (You bought it in a shop in the Dungeon)

   [amulet of the gourmand]

   It allows you to eat raw meat even when not hungry.
   It affects your accuracy and damage with ranged weapons and melee attacks
   (+3).
   It protects you from cold.
   It lets you turn invisible.
 j - the ring of Jipaq (left claw) {rC+ MP+9 Str+5}
   (You bought it in a shop in the Dungeon)

   [ring of magical power]

   It affects your strength (+5).
   It protects you from cold.
   It affects your magic capacity (+9).
 k - the ring of Gin and Tonic {rF- rC+ EV+1 Str+4 Int+2}
   (You bought it in a shop in the Dungeon)

   [ring of evasion]

   It affects your evasion (+1).
   It affects your strength (+4).
   It affects your intelligence (+2).
   It makes you vulnerable to fire.
   It protects you from cold.
 l - the ring "Oxuse" (right claw) {Str+4 Int+6 SInv Stlth-}
   (You bought it in a shop in the Dungeon)

   [ring of strength]

   It affects your strength (+4).
   It affects your intelligence (+6).
   It lets you see invisible.
   It makes you less stealthy.
Wands
 A - a wand of acid (1)
 I - a wand of iceblast (5)
Scrolls
 d - 3 scrolls of fog
 B - 3 scrolls of blinking {@r4}
Potions
 c - a potion of resistance {rF+ rC+ rPois rElec rCorr}
 h - 2 potions of magic
 H - 3 potions of haste {@q5}
Comestibles
 z - a ration


   Skills:
 + Level 9.4 Fighting
 + Level 8.7 Long Blades
 + Level 8.5 Armour
 + Level 8.6 Dodging
 - Level 3.8 Spellcasting
 - Level 4.2 Charms
 + Level 10.9 Invocations


You had 9 spell levels left.
You knew the following spells:

 Your Spells              Type           Power        Failure   Level  Hunger
q - Infusion              Chrm           ###.         2%          1    None
y - Song of Slaying       Chrm           ###.....     3%          2    ##.....
R - Regeneration          Chrm/Necr      ##........   19%         3    ###....

Your spell library contained the following spells:

 Spells                   Type           Power        Failure   Level  Hunger
 Shroud of Golubria       Chrm/Tloc      ##........   9%          2    ##.....
 Spectral Weapon          Hex/Chrm       ##......     19%         3    ###....


Dungeon Overview and Level Annotations

Branches:
Dungeon (1/1)

Altars:
Cheibriados
Dithmenos
Fedhas
Gozag
Kikubaaqudgha
Makhleb
Okawaru
Qazlal
Ru
Sif Muna
Trog
Uskayaw
Vehumet
Wu Jian
Xom
Yredelemnul
Zin
The Shining One
Beogh
Jiyva
Lugonu

Shops:
D *[%??*?*:[((!!!!


Innate Abilities, Weirdness & Mutations

You have claws for hands.
You have a somewhat thin skeletal structure. (Dex +2, Stealth)
You are significantly more attuned to the shadows.
When hurt, damage is shared between your health and your magic reserves.


Message History

Unknown command.
Okay, then.
A red film seems to cover your vision as you go berserk!
You feel yourself moving faster!
You feel mighty!
* * * LOW HITPOINT WARNING * * *
You feel sick. The black mamba completely misses you.
Your ufetubus misses the giant anaconda.
Your ufetubus closely misses the giant anaconda.
The giant anaconda bites your ufetubus!
Your ufetubus dies!
The giant anaconda constricts your hellwing.
Your ufetubus barely misses the giant anaconda.
Your ufetubus hits the giant anaconda but does no damage.
Your ufetubus misses the giant anaconda.
Your ufetubus hits the giant anaconda but does no damage.
Your ufetubus barely misses the giant anaconda.
Your ufetubus hits the giant anaconda but does no damage. x2
Your ufetubus misses the giant anaconda.
The black mamba bites you!
You die...

##.....## ##∩.....∩##
#∩.......∩# #_......._#
#........_# #_......._#
###5.4......### #⌠.3S5.S4....⌠#
######.8555..@...8.######
##∩___......###....N.___∩##
###∩........8.# #.8........∩###
#..÷.........)###.............##
⌠..........###...###..........⌠#
⌠..........# #.<.# #..........⌠#
⌠..........###...###.......[..⌠#
#.............###....[..[...).##
###∩........8.# #.8........∩###


You could see a giant anaconda, a black mamba, a naga, a friendly orange demon,
a friendly hellwing, a friendly ynoxinul and 5 friendly ufetubi.

Vanquished Creatures
  A warg (D)
  Purgy (D)
  An orc warrior (D)
  A porcupine (D)
  An ogre (D)
  2 necrophages (D)
  An orc wizard (D)
  An adder zombie (D)
  A bat zombie (D)
  2 quokkas (D)
  2 leopard gecko zombies (D)
  A rat (D)
15 creatures vanquished.

Vanquished Creatures (collateral kills)
  An ogre mage (D)
  A mana viper (D)
  2 orc knights (D)
  A naga mage (D)
  A naga (D)
6 creatures vanquished.

Grand Total: 21 creatures vanquished

Notes
Turn   | Place    | Note
-------+----------+-------------------------------------------
     0 | D        | Redear the Demonspawn Skald began the quest for the Orb.
     0 | D        | Reached XP level 1. HP: 16/16 MP: 3/3
     4 | D        | Found an ornate altar of the Wu Jian Council.
     4 | D        | Found a snail-covered altar of Cheibriados.
     5 | D        | Found a deep blue altar of Sif Muna.
     5 | D        | Found an iron altar of Okawaru.
     5 | D        | Round 1.
     6 | D        | Found a hide-covered altar of Uskayaw.
     6 | D        | Found an ancient bone altar of Kikubaaqudgha.
     7 | D        | Found Pugappoy's Distillery.
     7 | D        | Found a roughly hewn altar of Beogh.
     7 | D        | Found Lywof's Do-It-Yourself Clinic.
     8 | D        | Found Begoif's Distillery.
     8 | D        | Found Osoczo's Bottled Wisdom.
     8 | D        | Found a burning altar of Makhleb.
     9 | D        | Found Ixzaun's Staff Store.
    10 | D        | Found Saromiug's Must-Have Magic.
    10 | D        | Found Lacowkaj's Magic Scroll Shop.
    11 | D        | Found a bloodstained altar of Trog.
    11 | D        | Found a stormy altar of Qazlal.
    11 | D        | Found Qunk's Magic Scroll Shop.
    16 | D        | Became a worshipper of Makhleb the Destroyer
    21 | D        | Noticed Purgy
    22 | D        | Found a glowing silver altar of Zin.
    25 | D        | Killed Purgy
    25 | D        | Reached skill level 3 in Fighting
    25 | D        | Reached skill level 3 in Long Blades
    25 | D        | Reached skill level 3 in Armour
    25 | D        | Reached skill level 3 in Dodging
    25 | D        | Reached skill level 3 in Spellcasting
    25 | D        | Reached skill level 4 in Charms
    25 | D        | Gained mutation: You have sharp fingernails. [demonic
                  | ancestry]
    25 | D        | Reached XP level 2. HP: 25/25 MP: 3/6
    25 | D        | Gained mutation: You have a somewhat thin skeletal
                  | structure. (Dex +2, Stealth) [demonic ancestry]
    25 | D        | Reached XP level 3. HP: 30/30 MP: 4/8
    25 | D        | Gained mutation: When hurt, damage is shared between your
                  | health and your magic reserves. [demonic ancestry]
    25 | D        | Reached XP level 4. HP: 37/37 MP: 4/9
    44 | D        | Found a glowing golden altar of the Shining One.
   103 | D        | Learned a level 2 spell: Song of Slaying
   118 | D        | Found a radiant altar of Vehumet.
   118 | D        | Found Hahepiud's Delicious Food.
   119 | D        | Found Avotwev's Jewellery.
   119 | D        | Found Dutis's Advanced Armour.
   120 | D        | Found a shimmering altar of Xom.
   120 | D        | Found a basalt altar of Yredelemnul.
   120 | D        | Found a sacrificial altar of Ru.
   120 | D        | Found Ynan's Identification Station.
   124 | D        | Found a corrupted altar of Lugonu.
   125 | D        | Found a viscous altar of Jiyva.
   127 | D        | Found Moalleug's Premium Goods.
   128 | D        | Found Kaokk's Miscellaneous Merchandise.
   128 | D        | Found Julewor's Basic Armour.
   129 | D        | Found a shadowy altar of Dithmenos.
   129 | D        | Found a blossoming altar of Fedhas.
   129 | D        | Found an opulent altar of Gozag.
   129 | D        | Found Arho's Weapon Rack.
   132 | D        | Reached * piety under Makhleb
   132 | D        | Reached skill level 4 in Fighting
   141 | D        | Noticed a porcupine
   174 | D        | Killed a porcupine
   174 | D        | Arena points: 12 (+12) [x2]
   174 | D        | Reached skill level 5 in Fighting
   174 | D        | Reached skill level 4 in Long Blades
   174 | D        | Reached skill level 4 in Armour
   174 | D        | Reached skill level 4 in Dodging
   174 | D        | Reached skill level 3 in Invocations
   174 | D        | Gained mutation: You are slightly more attuned to the
                  | shadows. [demonic ancestry]
   174 | D        | Reached XP level 5. HP: 10/44 MP: 1/10
   187 | D        | Learned a level 3 spell: Regeneration
   210 | D        | Round 2.
   225 | D        | Noticed a necrophage
   243 | D        | Killed a necrophage
   243 | D        | Reached skill level 5 in Long Blades
   243 | D        | Reached skill level 5 in Dodging
   243 | D        | Reached skill level 5 in Invocations
   243 | D        | Gained mutation: You have very sharp fingernails. [demonic
                  | ancestry]
   243 | D        | Reached XP level 6. HP: 23/49 MP: 1/11
   246 | D        | Reached ** piety under Makhleb
   285 | D        | Reached skill level 6 in Fighting
   285 | D        | Reached skill level 5 in Armour
   287 | D        | Bought a smoking ivory amulet for 45 gold pieces
   287 | D        | Bought a warped copper ring for 45 gold pieces
   287 | D        | Bought a glittering tin ring for 45 gold pieces
   287 | D        | Identified the amulet "Cegyzoxt" {Gourm +Inv rC+ Slay+3}
                  | (You bought it in a shop in the Dungeon)
   288 | D        | Identified the ring of Jipaq {rC+ MP+9 Str+5} (You bought
                  | it in a shop in the Dungeon)
   289 | D        | Identified the ring of Gin and Tonic {rF- rC+ EV+1 Str+4
                  | Int+2} (You bought it in a shop in the Dungeon)
   301 | D        | Bought a smoking bronze ring for 45 gold pieces
   302 | D        | Identified the ring "Oxuse" {Str+4 Int+6 SInv Stlth-} (You
                  | bought it in a shop in the Dungeon)
   331 | D        | Reached skill level 6 in Invocations
   332 | D        | Reached *** piety under Makhleb
   332 | D        | Arena points: 54 (+42) [x3]
   357 | D        | Round 3.
   362 | D        | Noticed a naga
   363 | D        | Noticed a naga
   372 | D        | Noticed a naga mage
   413 | D        | Killed a naga mage
   413 | D        | Reached skill level 7 in Fighting
   413 | D        | Reached skill level 6 in Long Blades
   413 | D        | Reached skill level 6 in Armour
   413 | D        | Reached skill level 6 in Dodging
   413 | D        | Reached skill level 7 in Invocations
   413 | D        | Gained mutation: You are significantly more attuned to the
                  | shadows. [demonic ancestry]
   413 | D        | Reached XP level 7. HP: 11/60 MP: 3/12
   431 | D        | Noticed a black mamba
   438 | D        | Arena points: 90 (+36) [x4]
   453 | D        | Round 4.
   454 | D        | Bought 3 potions of heal wounds for 105 gold pieces
   461 | D        | Reached skill level 8 in Invocations
   468 | D        | Bought 3 potions of heal wounds for 105 gold pieces
   484 | D        | Noticed an orc knight
   506 | D        | Killed an orc knight
   506 | D        | Reached skill level 7 in Long Blades
   506 | D        | Reached skill level 7 in Armour
   506 | D        | Reached skill level 7 in Dodging
   506 | D        | Gained mutation: You have claws for hands. [demonic
                  | ancestry]
   506 | D        | Reached XP level 8. HP: 51/68 MP: 2/14
   507 | D        | Reached **** piety under Makhleb
   507 | D        | Reached skill level 8 in Fighting
   507 | D        | Reached skill level 9 in Invocations
   514 | D        | Noticed an orc knight
   528 | D        | Killed an orc knight
   534 | D        | Noticed an ogre mage
   540 | D        | Paralysed by an ogre mage for 6 turns
   540 | D        | Killed an ogre mage
   540 | D        | Reached skill level 9 in Fighting
   540 | D        | Reached skill level 8 in Long Blades
   540 | D        | Reached skill level 8 in Armour
   540 | D        | Reached skill level 8 in Dodging
   540 | D        | Reached skill level 10 in Invocations
   555 | D        | Arena points: 250 (+160) [x5]
   574 | D        | Bought 3 potions of heal wounds for 105 gold pieces
   574 | D        | Bought 4 potions of curing for 84 gold pieces
   595 | D        | Round 5.
   603 | D        | Noticed a giant anaconda
   607 | D        | Noticed a mana viper
   614 | D        | Killed a mana viper
   614 | D        | Reached XP level 9. HP: 36/77 MP: 1/17
   633 | D        | Noticed a black mamba
   635 | D        | HP: 5/77 [giant anaconda (3)]
   640 | D        | HP: 5/77 [black mamba (13)]
   642 | D        | HP: 2/77 [black mamba (12)]
   644 | D        | Slain by a black mamba

Levels and vault maps discovered:
D:        arena_sprint

Skill      XL: |  1  2  3  4  5  6  7  8 |
---------------+-------------------------+-----
Fighting       | 3 5 7 9 |  9.4
Long Blades    | 3 4 5 6 7 8 |  8.7
Armour         | 3 4 6 7 8 |  8.5
Dodging        | 3 4 5 6 7 8 |  8.6
Spellcasting   | 3 |  3.8
Charms         | 4 |  4.2
Invocations    | 3 5 7 8 10 | 10.9

Action                   |  1- 3 |  4- 6 |  7- 9 || total
-------------------------+-------+-------+-------++-------
Melee: Falchion          |       |    67 |    44 ||   111
 Cast: Regeneration      |       |     1 |       ||     1
Invok: Lesser Servant of |       |     2 |     9 ||    11
Evoke: Wand              |     2 |     2 |       ||     4
  Use: Potion            |       |     6 |    14 ||    20
       Scroll            |       |       |     1 ||     1
 Stab: Distracted        |       |     1 |       ||     1
  Eat: Chunk             |       |     1 |     6 ||     7
Armor: Leather armour    |       |     6 |     3 ||     9
Dodge: Dodged            |       |    50 |    28 ||    78
       Rpst.: Falchion   |       |    16 |     9 ||    25

Table legend:
 A = Non-vault XP
 B = Vault XP
 C = Vault XP percentage of total XP
 D = Non-vault monster count
 E = Vault monster count
 F = Vault count percentage of total count
                 A         B        C        D         E       F
            +---------+---------+-------+---------+---------+-------
      Total |    3167 |       0 |   0.0 |      21 |       0 |   0.0
            +---------+---------+-------+---------+---------+-------
          D |    3167 |       0 |   0.0 |      21 |       0 |   0.0
            +---------+---------+-------+---------+---------+-------
